PCL
SPOKANE TRAPPERS @ VANCOUVER VIPERS
09/19/2023
 
TOP OF THE 1ST
Spokane Trappers batting - Pitching for Vancouver Vipers : RHP Gustavo Ramos
Pitching: RHP Gustavo Ramos
Batting: LHB Pete Carter 0-0: Called Strike
0-1: Swinging Strike
0-2: Strikes out swinging
Batting: RHB Hyo-sang Yu 0-0: Called Strike
0-1: Foul Ball, location: 2F
0-2: Fly out, F2 (Popup, 2L)
Batting: RHB Ernesto Acosta 0-0: Ball
1-0: Ball
2-0: Foul Ball, location: 2F
2-1: SINGLE (Flyball, 89S)
Batting: RHB Toru Nakanishi 0-0: Foul Ball, location: 2F
0-1: Ball
1-1: Ball
2-1: Ball
3-1: Base on Balls
Ernesto Acosta to second
Batting: RHB Guy Miller 0-0: Swinging Strike
0-1: Ground out 6-3 (Groundball, 6)
Top of the 1st over - 0 run(s), 1 hit(s), 0 error(s), 2 left on base; Spokane 0 - Vancouver 0
BOTTOM OF THE 1ST
Vancouver Vipers batting - Pitching for Spokane Trappers : LHP Pedro Mata
Pitching: LHP Pedro Mata
Batting: SHB Cipriano Soto 0-0: Ball
1-0: DOUBLE (Groundball, 5L)
Batting: LHB Ray Spencer 0-0: Ground out 1-3 (Groundball, 15)
Batting: RHB Marvin Workman 0-0: Ball
Cipriano Soto steals 3rd base
1-0: Called Strike
1-1: Swinging Strike
1-2: SINGLE (Line Drive, 6D)
Cipriano Soto scores
Batting: RHB Júlio Figueroa 0-0: Ball
1-0: Called Strike
1-1: Ball
2-1: Foul Ball, location: 2F
2-2: Ball
3-2: SINGLE (Groundball, 6MD)
Marvin Workman to second
Batting: RHB Lorenzo González 0-0: Ball
1-0: Fly out, F6 (Popup, 56D)
Batting: RHB Enrique Flores 0-0: Swinging Strike
0-1: Swinging Strike
0-2: Ball
1-2: Ball
2-2: Ball
3-2: Foul Ball, location: 2F
3-2: Fly out, F9 (Flyball, 9S)
Bottom of the 1st over - 1 run(s), 3 hit(s), 0 error(s), 2 left on base; Spokane 0 - Vancouver 1
TOP OF THE 2ND
Spokane Trappers batting - Pitching for Vancouver Vipers : RHP Gustavo Ramos
Batting: LHB Fernando Pérez 0-0: Called Strike
0-1: Foul Ball, location: 2F
0-2: Strikes out swinging
Batting: RHB Clyde Kelley 0-0: Ball
1-0: Ground out 6-3 (Groundball, 56)
Batting: RHB Carmelo Hernández 0-0: Ball
1-0: Ball
2-0: Foul Ball, location: 2F
2-1: Swinging Strike
2-2: Fly out, F9 (Flyball, 9D)
Top of the 2nd over - 0 run(s), 0 hit(s), 0 error(s), 0 left on base; Spokane 0 - Vancouver 1
BOTTOM OF THE 2ND
Vancouver Vipers batting - Pitching for Spokane Trappers : LHP Pedro Mata
Batting: RHB Luis Sáenz 0-0: Fly out, F9 (Flyball, 9LMF)
Batting: LHB Malcolm Thomas 0-0: Ball
1-0: Ball
2-0: Foul Ball, location: 2F
2-1: Foul Ball, location: 2F
2-2: Foul Ball, location: 2F
2-2: Ball
3-2: Ground out U3 (Groundball, 3L)
Batting: RHB Mario López 0-0: Fly out, F5 (Line Drive, 56)
Bottom of the 2nd over - 0 run(s), 0 hit(s), 0 error(s), 0 left on base; Spokane 0 - Vancouver 1
TOP OF THE 3RD
Spokane Trappers batting - Pitching for Vancouver Vipers : RHP Gustavo Ramos
Batting: RHB Todd Rockburn 0-0: Hit by Pitch
Batting: LHB Pete Carter 0-0: Ball
1-0: Foul Ball, location: 2F
1-1: Swinging Strike
1-2: Strikes out looking
Batting: RHB Hyo-sang Yu 0-0: Foul Ball, location: 2F
0-1: Called Strike
0-2: Strikes out swinging
Batting: RHB Ernesto Acosta 0-0: Ground out 5-3 (Groundball, 5L)
Top of the 3rd over - 0 run(s), 0 hit(s), 0 error(s), 1 left on base; Spokane 0 - Vancouver 1
BOTTOM OF THE 3RD
Vancouver Vipers batting - Pitching for Spokane Trappers : LHP Pedro Mata
Batting: SHB Cipriano Soto 0-0: Ball
1-0: Ball
2-0: Ball
3-0: Base on Balls
Batting: LHB Ray Spencer 0-0: Called Strike
0-1: SINGLE (Groundball, 34D)
Cipriano Soto to second
Runner from 2nd tries for 3rd, SAFE, throw made to third
Batting: RHB Marvin Workman 0-0: Ball
1-0: Grounds into double play, 6-4-3 (Groundball, 56)
Cipriano Soto scores
Batting: RHB Júlio Figueroa 0-0: Ball
1-0: Ground out 5-3 (Groundball, 15S)
Bottom of the 3rd over - 1 run(s), 1 hit(s), 0 error(s), 0 left on base; Spokane 0 - Vancouver 2
TOP OF THE 4TH
Spokane Trappers batting - Pitching for Vancouver Vipers : RHP Gustavo Ramos
Batting: RHB Toru Nakanishi 0-0: Ball
1-0: Called Strike
1-1: Foul Ball, location: 2F
1-2: Ball
2-2: Strikes out swinging
Batting: RHB Guy Miller 0-0: Called Strike
0-1: Ball
1-1: Ball
2-1: Called Strike
2-2: Ball
3-2: Base on Balls
Batting: LHB Fernando Pérez 0-0: Swinging Strike
0-1: Ball
1-1: Foul Ball, location: 2F
1-2: Foul Ball, location: 2F
1-2: Ball
2-2: Foul Ball, location: 2F
2-2: Strikes out swinging
Batting: RHB Clyde Kelley 0-0: Foul Ball, location: 2F
0-1: Foul Ball, location: 2F
0-2: Foul Ball, location: 2F
0-2: Foul Ball, location: 2F
0-2: Strikes out looking
Top of the 4th over - 0 run(s), 0 hit(s), 0 error(s), 1 left on base; Spokane 0 - Vancouver 2
BOTTOM OF THE 4TH
Vancouver Vipers batting - Pitching for Spokane Trappers : LHP Pedro Mata
Batting: RHB Lorenzo González 0-0: Fly out, F3 (Line Drive, 34S)
Batting: RHB Enrique Flores 0-0: Ball
1-0: Called Strike
1-1: Foul Ball, location: 2F
1-2: SINGLE (Flyball, 8RM)
Batting: RHB Luis Sáenz 0-0: Ball
1-0: Grounds into double play, U6-3 (Groundball, 6)
Bottom of the 4th over - 0 run(s), 1 hit(s), 0 error(s), 0 left on base; Spokane 0 - Vancouver 2
TOP OF THE 5TH
Spokane Trappers batting - Pitching for Vancouver Vipers : RHP Gustavo Ramos
Batting: RHB Carmelo Hernández 0-0: Called Strike
0-1: Ball
1-1: Ball
2-1: Swinging Strike
2-2: Ball
3-2: Foul Ball, location: 2F
3-2: Base on Balls
Batting: RHB Todd Rockburn 0-0: Ball
1-0: Foul Ball, location: 2F
1-1: Ball
2-1: Called Strike
2-2: Ball
3-2: Strikes out looking
Batting: LHB Pete Carter 0-0: Called Strike
0-1: Ball
1-1: SINGLE (Line Drive, 7LM)
Carmelo Hernández to second
Batting: RHB Hyo-sang Yu 0-0: Foul Ball, location: 2F
0-1: Ball
1-1: Foul Ball, location: 2F
1-2: Ball
2-2: Foul Ball, location: 2F
2-2: Foul Ball, location: 2F
2-2: Strikes out swinging
Batting: RHB Ernesto Acosta 0-0: Called Strike
0-1: Ball
1-1: 3-RUN HOME RUN (Flyball, 7D), Distance : 388 ft
Batting: RHB Toru Nakanishi 0-0: Called Strike
0-1: Ball
1-1: Hit by Pitch
Pitching: LHP Theron Lilly
Pinch Runner at 1st Henry Leroux:
Batting: RHB Guy Miller 0-0: Called Strike
0-1: Ball
1-1: Swinging Strike
1-2: DOUBLE (Line Drive, 5L)
Henry Leroux to third
Batting: LHB Fernando Pérez 0-0: Called Strike
0-1: Fly out, F8 (Flyball, 8RD)
Top of the 5th over - 3 run(s), 3 hit(s), 0 error(s), 2 left on base; Spokane 3 - Vancouver 2
BOTTOM OF THE 5TH
Vancouver Vipers batting - Pitching for Spokane Trappers : LHP Pedro Mata
Now at 1B: Henry Leroux
Batting: LHB Malcolm Thomas 0-0: Called Strike
0-1: Called Strike
0-2: Foul Ball, location: 2F
0-2: Strikes out looking
Batting: RHB Mario López 0-0: Foul Ball, location: 2F
0-1: Ball
1-1: Ball
2-1: Foul Ball, location: 2F
2-2: Fly out, F7 (Flyball, 78S)
Batting: SHB Cipriano Soto 0-0: Ball
1-0: Ground out 2-3 (Groundball, 25)
Bottom of the 5th over - 0 run(s), 0 hit(s), 0 error(s), 0 left on base; Spokane 3 - Vancouver 2
TOP OF THE 6TH
Spokane Trappers batting - Pitching for Vancouver Vipers : LHP Theron Lilly
Batting: RHB Clyde Kelley 0-0: Swinging Strike
0-1: Ball
1-1: Swinging Strike
1-2: Ball
2-2: Foul Ball, location: 2F
2-2: Foul Ball, location: 2F
2-2: Foul Ball, location: 2F
2-2: Strikes out swinging
Batting: RHB Carmelo Hernández 0-0: Ball
1-0: Called Strike
1-1: Called Strike
1-2: Ball
2-2: Ball
3-2: Foul Ball, location: 2F
3-2: SOLO HOME RUN (Flyball, 78XD), Distance : 411 ft
Batting: RHB Todd Rockburn 0-0: Called Strike
0-1: Ball
1-1: Foul Ball, location: 2F
1-2: Foul Ball, location: 2F
1-2: Strikes out swinging
Batting: LHB Pete Carter 0-0: Ball
1-0: Ground out 1-3 (Groundball, 13)
Top of the 6th over - 1 run(s), 1 hit(s), 0 error(s), 0 left on base; Spokane 4 - Vancouver 2
BOTTOM OF THE 6TH
Vancouver Vipers batting - Pitching for Spokane Trappers : LHP Pedro Mata
Batting: LHB Ray Spencer 0-0: Ball
1-0: DOUBLE (Flyball, 9LS)
Batting: RHB Marvin Workman 0-0: Ground out 5-3 (Groundball, 5L)
Batting: RHB Júlio Figueroa 0-0: Ball
1-0: 2-RUN HOME RUN (Flyball, 7LD), Distance : 379 ft
Batting: RHB Lorenzo González 0-0: Swinging Strike
0-1: Ball
1-1: Foul Ball, location: 2F
1-2: Strikes out swinging
Batting: RHB Enrique Flores 0-0: Called Strike
0-1: Ball
1-1: Ball
2-1: Ground out 5-3 (Groundball, 5)
Bottom of the 6th over - 2 run(s), 2 hit(s), 0 error(s), 0 left on base; Spokane 4 - Vancouver 4
TOP OF THE 7TH
Spokane Trappers batting - Pitching for Vancouver Vipers : LHP Theron Lilly
Batting: RHB Hyo-sang Yu 0-0: Ball
1-0: Foul Ball, location: 2F
1-1: Foul Ball, location: 2F
1-2: Ball
2-2: SINGLE (Flyball, 78S)
Batting: RHB Ernesto Acosta 0-0: Ball
1-0: Ball
2-0: Ball
3-0: Base on Balls
Hyo-sang Yu to second
Pitching: LHP Kai-ge Hui
Pinch Hitting: LHB Juan Cortés 0-0: Ball
1-0: Swinging Strike
1-1: Called Strike
1-2: Ball
2-2: Strikes out swinging
Batting: RHB Guy Miller 0-0: Called Strike
0-1: Grounds into double play, 5-4-3 (Groundball, 5)
Top of the 7th over - 0 run(s), 1 hit(s), 0 error(s), 1 left on base; Spokane 4 - Vancouver 4
BOTTOM OF THE 7TH
Vancouver Vipers batting - Pitching for Spokane Trappers : LHP Pedro Mata
Now in LF: Juan Cortés
Batting: RHB Luis Sáenz 0-0: Foul Ball, location: 2F
0-1: SINGLE (Line Drive, 78M)
Pinch Hitting: SHB Henry Copeland 0-0: Sac Bunt - play at first, batter OUT! 4-3
Luis Sáenz to second
Pinch Hitting: RHB Dan Tyler 0-0: Intentional Walk
Pinch Hitting: RHB Guillermo Sánchez 0-0: Swinging Strike
0-1: Foul Ball, location: 2F
0-2: Foul Ball, location: 2F
0-2: Foul Ball, location: 2F
0-2: Ball
1-2: Ball
2-2: Foul Ball, location: 2F
2-2: Strikes out swinging
Pinch Hitting: RHB Tomás Estrada 0-0: Ball
1-0: Fly out, F8 (Flyball, 8LS)
Bottom of the 7th over - 0 run(s), 1 hit(s), 0 error(s), 2 left on base; Spokane 4 - Vancouver 4
TOP OF THE 8TH
Spokane Trappers batting - Pitching for Vancouver Vipers : LHP Kai-ge Hui
Pitching: LHP Artie Nelson
Now at SS: Kenneth Corbitt
Now in LF: Dan Tyler
Now in CF: Guillermo Sánchez
Now in RF: Tomás Estrada
Pinch Hitting: RHB Mario Hernández 0-0: Called Strike
0-1: Ground out 4-3 (Groundball, 4)
Batting: RHB Clyde Kelley 0-0: Foul Ball, location: 2F
0-1: Ball
1-1: Ground out 1-3 (Groundball, 15S)
Pinch Hitting: RHB Félix Tremblay 0-0: Ball
1-0: Called Strike
1-1: Foul Ball, location: 2F
1-2: Foul Ball, location: 2F
1-2: Foul Ball, location: 2F
1-2: Ball
2-2: Strikes out swinging
Top of the 8th over - 0 run(s), 0 hit(s), 0 error(s), 0 left on base; Spokane 4 - Vancouver 4
BOTTOM OF THE 8TH
Vancouver Vipers batting - Pitching for Spokane Trappers : LHP Pedro Mata
Now at 3B: Mario Hernández
Now in LF: Félix Tremblay
Batting: RHB Marvin Workman 0-0: Ball
1-0: Ball
2-0: Foul Ball, location: 2F
2-1: TRIPLE (Line Drive, 5L)
Pitching: RHP Ching-wei Zi
Batting: RHB Júlio Figueroa 0-0: Fly out, F9 (Flyball, 89S)
Batting: RHB Lorenzo González 0-0: Ball
1-0: Called Strike
1-1: DOUBLE (Line Drive, 56D)
Marvin Workman scores
Batting: RHB Enrique Flores 0-0: Ground out 2-3 (Groundball, 25)
Lorenzo González to third
Batting: RHB Luis Sáenz 0-0: Called Strike
0-1: Ball
1-1: Fly out, F7 (Flyball, 78D)
Bottom of the 8th over - 1 run(s), 2 hit(s), 0 error(s), 1 left on base; Spokane 4 - Vancouver 5
TOP OF THE 9TH
Spokane Trappers batting - Pitching for Vancouver Vipers : LHP Artie Nelson
Pitching: RHP José García
Pinch Hitting: SHB António Hinojosa 0-0: Foul Ball, location: 2F
0-1: Fly out, F6 (Popup, 5L)
Batting: LHB Pete Carter 0-0: Ball
1-0: Ball
2-0: Called Strike
2-1: Swinging Strike
2-2: Ball
3-2: Foul Ball, location: 2F
3-2: Fly out, F8 (Flyball, 8RXD)
Batting: RHB Hyo-sang Yu 0-0: Ball
1-0: Ball
2-0: Ground out 5-3 (Groundball, 56S)
Top of the 9th over - 0 run(s), 0 hit(s), 0 error(s), 0 left on base; Spokane 4 - Vancouver 5
This league is powered by Out of the Park Baseball, the baseball management simulation game for PC, Mac and Linux
Wednesday, December 2nd, 2015 - OOTP Baseball 16.8 Build 38